 Dungeon Crawl Stone Soup version 0.23.1 (webtiles) character file.

Game seed: 0

616 Fang the Skirmisher (level 7, -8/66 HPs)
             Began as a Gargoyle Berserker on Mar 7, 2019.
             Was a Priest of Trog.
             Mangled by an orc warrior
             ... wielding a +0 halberd
              (21 damage)
             ... on level 6 of the Dungeon.
             The game lasted 00:04:24 (4916 turns).

Fang the Skirmisher (Gargoyle Berserker)            Turns: 4916, Time: 00:04:25

Health: -8/66      AC:  7    Str: 28    XL:     7   Next: 45%
Magic:  7/7        EV: 13    Int:  7    God:    Trog [***...]
Gold:   185        SH:  0    Dex:  9    Spells: 6/6 levels left

rFire    + . .     SeeInvis .   a - +0 hand axe
rCold    x . .     Gourm    .   (no shield)
rNeg     + . .     Faith    .   b - +0 animal skin
rPois    ∞         Spirit   .   (no helmet)
rElec    +         Reflect  .   (no cloak)
rCorr    .         Harm     .   (no gloves)
MR       .....                  (no boots)
Stlth    ..........             (no amulet)
HPRegen  0.21/turn              (no ring)
MPRegen  0.10/turn              j - ring of fire

@: berserking, very quick
A: negative energy resistance 1, electricity resistance, unbreathing,
petrification resistance, rot immunity, AC +4
a: Berserk, Trog's Hand, Renounce Religion


You were on level 6 of the Dungeon.
You worshipped Trog.
Trog was most pleased with you.
You were hungry.

You visited 2 branches of the dungeon, and saw 7 of its levels.

You collected 185 gold pieces.

Inventory:

Hand Weapons
 a - a +0 hand axe (weapon)
Armour
 b - a +0 animal skin (worn)
Jewellery
 j - a ring of fire (right hand)
Wands
 l - a wand of random effects (15)
 n - a wand of iceblast (6)
 s - a wand of paralysis (3)
Scrolls
 e - 7 scrolls of identify {unknown}
 h - 3 scrolls of teleportation {unknown}
 i - a scroll of fear {unknown}
 k - 2 scrolls of magic mapping {unknown}
 o - 3 scrolls of amnesia {unknown}
 p - a scroll of noise {unknown}
 r - a scroll of remove curse
Potions
 d - a potion of flight {unknown}
 f - a potion of resistance {unknown}
 g - 3 potions of curing {unknown}
 m - a potion of berserk rage {unknown}
 q - a potion of heal wounds {unknown}
Comestibles
 c - 9 rations


   Skills:
 + Level 5.3 Fighting
 + Level 4.4 Axes
 + Level 4.7 Armour
 + Level 3.6 Dodging


You had 6 spell levels left.
You didn't know any spells.
Your spell library was empty.

Dungeon Overview and Level Annotations

Branches:
Dungeon (6/15)             Temple (1/1) D:4

Altars:
Cheibriados
Hepliaklqana
Kikubaaqudgha
Ru
Sif Muna
Uskayaw
Xom
The Shining One

Shops:
D:5 }


Innate Abilities, Weirdness & Mutations

You are resistant to torment.
Your stone body is resilient. (AC +4)
You are immune to poison.
You resist negative energy. (rN+)
You are resistant to electric shocks. (rElec)
You can survive without breathing.
You are immune to petrification.
You are immune to rotting.


Message History

The orc hits you but does no damage. The orc barely misses you.
The crimson imp blinks!
You barely miss the orc.
The orc is moderately wounded.
The orc warrior hits you from afar with a +0 halberd!!
* * * LOW HITPOINT WARNING * * *
The orc closely misses you. The orc hits you but does no damage.
You are too injured to fight recklessly!
You are too injured to fight recklessly!
You are too injured to fight recklessly!
You are too injured to fight recklessly!
You are too injured to fight recklessly!
You are too injured to fight recklessly!
You are too injured to fight recklessly!
A red film seems to cover your vision as you go berserk!
You feel yourself moving faster!
You feel mighty!
You are feeling hungry.
The orc barely misses you. The orc closely misses you.
The orc warrior hits you from afar with a +0 halberd!!
You die...

#.# ..... ...
#.#........#.. ...
#.#........#..# ....
#.#............
....######.#.....#..#...
........................
.#.#.#..#..5............
#.#.#.#.#...#...........
.#.#.#..........@oo.....
#.#.#.###...#..#........
.#.#.####.÷.#..###oo....
#.#.#.............#o....
.#.#.#..................
#.#.#.###.#.##..##.##.##
.#.#.#....#.##.... ...#
#.#.#.###......... . .
.#.#.####.......##.


You could see 2 orc warriors, a crimson imp and 3 orcs.

Vanquished Creatures
  A black bear (D:3)
  2 howler monkeys (D:5)
  2 hounds
  2 bullfrog zombies (D:5)
  An iguana (D:6)
  2 worker ants
  2 hound zombies
  A hound skeleton (D:4)
  6 gnolls
  7 adders
  3 oozes
  A worm (D:4)
  2 dart slugs (D:1)
  2 leopard geckos
  3 orcs
  3 giant cockroaches
  6 hobgoblins
  6 jackals (D:2)
  2 quokkas
  A ball python (D:1)
  9 bats
  2 frilled lizards
  7 goblins
  11 kobolds
  A quokka zombie (D:5)
  4 rats
89 creatures vanquished.

Notes
Turn   | Place    | Note
-------+----------+-------------------------------------------
     0 | D:1      | Fang the Gargoyle Berserker began the quest for the Orb.
     0 | D:1      | Reached XP level 1. HP: 14/14 MP: 1/1
    78 | D:1      | Reached XP level 2. HP: 15/19 MP: 2/2
   690 | D:1      | Reached XP level 3. HP: 17/23 MP: 3/3
  1161 | D:2      | Reached ** piety under Trog
  1172 | D:2      | Reached XP level 4. HP: 15/29 MP: 4/4
  1435 | D:2      | Reached skill level 4 in Fighting
  2281 | D:3      | Noticed a black bear
  2286 | D:3      | Reached XP level 5. HP: 33/33 MP: 5/5
  2292 | D:3      | Killed a black bear
  2292 | D:3      | Reached XP level 6. HP: 29/39 MP: 6/6
  2989 | D:4      | Found a staircase to the Ecumenical Temple.
  3003 | Temple   | Entered the Ecumenical Temple
  3560 | D:5      | Entered Level 5 of the Dungeon
  3601 | D:5      | Reached *** piety under Trog
  3650 | D:5      | Reached skill level 5 in Fighting
  3838 | D:5      | Reached XP level 7. HP: 33/44 MP: 7/7
  4321 | D:5      | Found Xiblaulu's Gadget Shoppe.
  4916 | D:6      | Mangled by an orc warrior

Skill      XL: |  1  2  3  4  5  6 |
---------------+-------------------+-----
Axes           | 3 4 |  4.4
Dodging        | 2 3 |  3.6
Armour         | 3 4 |  4.7
Fighting       | 4 5 |  5.3

Action                   |  1- 3 |  4- 6 |  7- 9 || total
-------------------------+-------+-------+-------++-------
Melee: Hand axe          |   115 |   236 |    99 ||   450
Invok: Berserk           |       |     1 |     2 ||     3
  Use: Scroll            |       |     1 |       ||     1
 Stab: Sleeping          |       |     2 |       ||     2
  Eat: Chunk             |     1 |     8 |     6 ||    15
Armor: Animal skin       |    50 |   119 |    30 ||   199
Dodge: Dodged            |    86 |   173 |    85 ||   344
